 Dungeon Crawl Stone Soup version 0.27-a0-1532-gca18f49f40 (webtiles) character file.

Game seed: 6455696961092050632

128 flotson the Sneak (level 5, -1/33 HPs)
             Began as a Gargoyle Delver on July 13, 2021.
             Slain by Grinder (4 damage)
             ... on level 3 of the Dungeon.
             The game lasted 00:04:07 (1812 turns).

flotson the Sneak (Gargoyle Delver)                 Turns: 1812, Time: 00:04:07

Health: -1/33      AC: 10    Str: 17    XL:     5   Next: 11%
Magic:  5/5        EV: 10    Int: 10    God:
Gold:   31         SH:  0    Dex: 11    Spells: 4/4 levels left

rFire    . . .     SeeInvis .   k - +1 trident (protect)
rCold    . . .     Faith    .   (no shield)
rNeg     + . .     Spirit   .   n - +0 scale mail
rPois    ∞         Reflect  .   (no helmet)
rElec    +         Harm     .   (no cloak)
rCorr    .         Rampage  .   (no gloves)
Will     .....                  (no boots)
Stlth    +.........             (no amulet)
HPRegen  0.11/turn              (no ring)
MPRegen  0.09/turn              (no ring)

@: attractive
A: sickness immunity, AC +4, negative energy resistance 1, electricity
resistance, torment resistance 1, petrification resistance
a: no special abilities


You were on level 3 of the Dungeon.
You visited 1 branch of the dungeon, and saw 3 of its levels.

You collected 45 gold pieces.
You spent 14 gold pieces at shops.

Inventory:

Hand Weapons
 a - a +0 hand axe
 j - a +0 quarterstaff
 k - a +1 trident of protection (weapon)
Missiles
 f - 5 javelins (quivered)
Armour
 n - a +0 scale mail (worn)
Wands
 g - a wand of digging (3)
 m - a wand of flame (10)
Scrolls
 c - a scroll of fog
 e - a scroll of fear
 h - 3 scrolls of identify {unknown}
Potions
 l - a potion of degeneration


   Skills:
 + Level 3.9 Fighting
 + Level 2.5 Axes
 + Level 0.8 Throwing
 + Level 1.9 Armour
 + Level 2.2 Dodging
 - Level 5.4 Stealth
 + Level 1.4 Evocations


You had 4 spell levels left.
You didn't know any spells.
Your spell library contained the following spells:

 Spells                   Type           Power      Damage    Failure   Level
 Corona                   Hex            0%         N/A       78%         1
 Ensorcelled Hibernation  Hex/Ice        0%         N/A       89%         2
 Tukima's Dance           Hex            0%         N/A       98%         3


Dungeon Overview and Level Annotations

Branches:
Dungeon (5/15)             Temple (0/1) D:5

Altars:

Shops:
D:4 !

Annotations:
D:3 Grinder


Innate Abilities, Weirdness & Mutations

You are immune to sickness and miasma.
Your stone body is resilient. (AC +4)
You are immune to poison.
You resist negative energy. (rN+)
You are resistant to electric shocks. (rElec)
You are resistant to unholy torment.
You are immune to petrification.


Message History

Grinder is lightly wounded.
The walls and floor vibrate strangely for a moment.
Grinder closely misses you. Grinder misses you.
You hit Grinder.
Grinder is moderately wounded.
Grinder says, "DUCK!"
Grinder hits you.
You writhe in agony.
* * * LOW HITPOINT WARNING * * *
You hit Grinder.
Grinder is heavily wounded.
Grinder hits you but does no damage.
Okay, then.
You hit Grinder.
Grinder is heavily wounded.
Grinder hits you but does no damage.
You closely miss Grinder.
Grinder is heavily wounded.
Grinder hits you but does no damage. x2
You puncture Grinder!
Grinder is almost dead.
Grinder blinks!
Grinder is pulled toward you!
You closely miss Grinder.
Grinder is almost dead.
Grinder gestures at you. You resist with significant effort.
You barely miss Grinder.
Grinder is almost dead.
Grinder blinks!
Grinder is pulled toward you!
Throw: 6 javelins
Press: ? - help, Q - select action, (/) - cycle Shift-Dir - straight line, f - Grinder
Aim: Grinder (almost dead, 52% to hit)
You throw a javelin. The javelin closely misses Grinder.
Grinder gestures at you. Pain shoots through your body!
* * * LOW HITPOINT WARNING * * *
Grinder is pulled toward you!
You barely miss Grinder.
Grinder is almost dead.
Grinder hits you.
You die...

####.#####
(.....5@.#
####.###.#
###.#
#...#
#.### #.#
#.# #.##.#
#.##.#


You could see Grinder.

Vanquished Creatures
  A hound (D:4)
  Ijyb (D:3)
  Natasha (D:3)
  An iguana (D:4)
  An adder (D:4)
  A howler monkey skeleton (D:5)
  An adder skeleton (D:4)
  An orc (D:3)
8 creatures vanquished.

Notes
Turn   | Place    | Note
-------+----------+-------------------------------------------
     0 | D:5      | flotson the Gargoyle Delver began the quest for the Orb.
     0 | D:5      | Reached XP level 1. HP: 14/14 MP: 1/1
   120 | D:5      | Noticed a hornet
   299 | D:5      | Reached XP level 2. HP: 15/19 MP: 2/2
   394 | D:5      | Noticed a centaur
   429 | D:4      | Reached skill level 1 in Armour
   429 | D:4      | Reached skill level 1 in Evocations
   429 | D:4      | Reached XP level 3. HP: 8/23 MP: 3/3
   797 | D:4      | Reached XP level 4. HP: 4/29 MP: 4/4
  1109 | D:4      | Found Ocoipixzil's Distillery.
  1112 | D:4      | Bought a potion of degeneration for 14 gold pieces
  1140 | D:4      | Noticed an orc warrior
  1436 | D:3      | Noticed Natasha
  1448 | D:3      | Killed Natasha
  1749 | D:3      | Noticed Ijyb
  1763 | D:3      | Killed Ijyb
  1764 | D:3      | Reached XP level 5. HP: 10/33 MP: 5/5
  1799 | D:3      | Noticed Grinder
  1812 | D:3      | Slain by Grinder

Illustrated notes

Levels and vault maps discovered:
D:3:      layout_loops_ring, kennysheep_slug_shrine,
          mainiacjoe_overflow_two_lobes, serial_shops, shop,
          cheibrodos_sewer_entry_bend, uniq_grinder, uniq_natasha, uniq_ijyb
D:4:      layout_loops_cross, yredelemnul_forgotten_temple_becter, serial_shops,
          kennysheep_mini, guppyfry_early_orc_mine, uniq_edmund
D:5:      layout_loops_ring, minmay_temple_entry_junction,
          chequers_serial_rivers_large_b

Skill      XL: |  1  2  3 |
---------------+----------+-----
Axes           | 2 |  2.5
Armour         | 1 |  1.9
Evocations     | 1 |  1.4
Dodging        | 2 |  2.2
Fighting       | |  3.9
Throwing       | |  0.8
Stealth        | |  5.4

Action                   |  1- 3 |  4- 6 || total
-------------------------+-------+-------++-------
Melee: Hand axe          |     5 |       ||     5
       Quarterstaff      |    21 |       ||    21
       Trident           |       |    37 ||    37
Throw: Javelin           |       |     1 ||     1
  Use: Potion            |     1 |     2 ||     3
       Scroll            |     1 |       ||     1
 Stab: Sleeping          |     1 |     1 ||     2
Armor: Leather armour    |    11 |     8 ||    19
       Scale mail        |       |     5 ||     5
Dodge: Dodged            |    19 |    18 ||    37

Table legend: (Time is in decaauts)
 A = Elapsed time spent in this place.
 B = Non-inter-level travel time spent in this place.
 C = Inter-level travel time spent in this place.
 D = Time resting spent in this place.
 E = Time spent auto-exploring this place.
 F = Levels seen in this place.
 G = Mean time per level.
                   A        B        C        D        E       F      G
               +--------+--------+--------+--------+--------+-----+--------+
         Total |   1877 |   1831 |     46 |      0 |   1445 |   3 |  625.7 |
       Dungeon |   1877 |   1831 |     46 |      0 |   1445 |   3 |  625.7 |
               +--------+--------+--------+--------+--------+-----+--------+

Top non-repeatable levels by time:
     D:4: 743 daAuts
     D:3: 649 daAuts
     D:5: 483 daAuts
